Map: Tours du crépuscule

Players

RisksAround - Winner!

  • Race: Terran Terran
  • League: Silver
  • Spawn Location: 7:00

zidar

  • Race: Zerg Zerg
  • League: Silver
  • Spawn Location: 1:00

VOD

Have the link to the VOD?

Description

Time

  • Played on: Jan. 16, 2016, 3:08 p.m.
  • Length: 8:47
Show
View Real Time Build Order
Export as new Build Order

RisksAround Terran - Winner!

Build Orders: Reaper Expand 

Get SALT Encoding   

  12  0:00  SCV  
  13  0:12  SCV  
  14  0:17  Supply Depot  
  14  0:25  SCV  
  15  0:39  Barracks, SCV  
  16  0:44  Refinery  
  16  0:51  SCV  
  17  1:03  SCV  
  18  1:15  SCV  
  19  1:27  Supply Depot  
  19  1:28  Reaper, Orbital Command  
  20  2:01  Command Center  
  20  2:04  Barracks Reactor  
  20  2:06  SCV  
  21  2:18  SCV  
  22  2:31  Command Center  
  22  2:48  Marine  
  22  2:49  Marine  
  24  3:06  Marine x2  
  24  3:09  Barracks  
  24  3:10  Barracks, Factory  
  24  3:11  Refinery, SCV  
  27  3:25  SCV  
  28  3:38  Marine x2  
  28  3:40  SCV  
  30  3:51  Orbital Command  
  30  3:52  SCV  
  31  3:55  Marine  
  31  3:56  Marine, SCV  
  31  3:58  Barracks Tech Lab  
  31  4:02  Barracks Reactor  
  34  4:09  SCV  
  37  4:11  SCV  
  37  4:12  Widow Mine  
  37  4:13  Marine  
  39  4:19  Engineering Bay  
  39  4:22  Stimpack  
  39  4:24  SCV  
  40  4:25  SCV  
  40  4:26  SCV  
  42  4:36  Starport  
  42  4:39  Marine  
  42  4:40  Marine x3  
  42  4:41  Factory Reactor  
  42  4:42  SCV  
  42  4:44  SCV  
  48  4:50  Missile Turret  
  49  4:56  Orbital Command  
  49  4:57  Marine x2  
  49  4:58  Marine  
  52  5:02  Supply Depot  
  52  5:04  Marine x2, Supply Depot  
  53  5:07  SCV  
  54  5:17  Barracks  
  54  5:19  Barracks  
  54  5:23  SCV  
  54  5:25  Missile Turret  
  54  5:27  Medivac x2  
  59  5:30  Marine  
  59  5:31  Marine, Marauder  
  59  5:33  SCV  
  59  5:34  SCV  
  65  5:38  Refinery  
  65  5:40  SCV  
  65  5:42  Marine  
  66  5:43  Marine, Refinery  
  66  5:45  SCV  
  71  5:51  Terran Infantry Weapons Level 1  
  71  5:53  Widow Mine  
  71  5:54  Marine x3  
  74  5:57  Medivac  
  74  6:00  Marine, Supply Depot  
  77  6:07  Barracks Tech Lab, Barracks Reactor  
  77  6:19  Refinery  
  77  6:21  Marine x3, Supply Depot  
  77  6:22  Marauder, SCV x3  
  77  6:25  Supply Depot  
  85  6:34  Missile Turret  
  85  6:43  Marauder, SCV x3  
  80  7:06  Marine  
  80  7:07  Marine x5, Marauder x2  
  81  7:14  Medivac  
  81  7:15  Medivac  
  84  7:19  Factory Reactor  
  84  7:20  Concussive Shells  
  84  7:24  Marine x2  
  84  7:25  Marine x2, SCV x2, Supply Depot  
  84  7:26  SCV, Supply Depot x2  
  84  7:28  Supply Depot  
  84  7:29  Marauder x2  
  95  7:41  Command Center  
  95  7:44  Medivac  
  95  7:45  Medivac  
  95  7:49  Marine x3  
  95  7:50  Marine x2, Marauder x2  
  108  8:01  Supply Depot  
  108  8:03  Supply Depot  
  108  8:07  Armory  
  108  8:09  Supply Depot, Engineering Bay  
  108  8:11  Marine x2, Marauder, Supply Depot  
  108  8:12  Marauder  
  114  8:14  Medivac  
  116  8:20  Marine x3  
  116  8:21  Marine  
Show
View Real Time Build Order
Export as new Build Order

zidar Zerg 

Build Orders: Pool First 

Get SALT Encoding   

  12  0:03  Drone  
  13  0:14  Overlord  
  13  0:17  Drone  
  14  0:33  Drone  
  14  0:34  Drone  
  16  0:37  Drone  
  17  0:46  Spawning Pool  
  17  0:49  Drone  
  17  1:13  Hatchery  
  16  1:24  Drone  
  17  1:28  Drone x2  
  17  1:30  Extractor  
  18  1:37  Drone  
  18  1:39  Queen  
  21  1:46  Overlord  
  21  1:57  Drone  
  21  2:09  Drone  
  21  2:15  Queen  
  21  2:54  Zergling x2  
  21  2:55  Zergling x10  
  26  3:04  Metabolic Boost  
  26  3:08  Drone x4  
  30  3:22  Roach Warren  
  29  3:29  Drone x3  
  31  3:50  Drone x2  
  31  3:53  Drone x3  
  31  3:55  Overlord  
  36  4:14  Extractor  
  35  4:24  Hatchery  
  34  4:29  Roach  
  34  4:30  Roach x2  
  40  4:51  Extractor  
  39  4:55  Extractor  
  39  4:56  Drone x3  
  39  4:57  Drone x3  
  39  4:58  Overlord  
  39  4:59  Overlord x2  
  44  5:16  Queen  
  46  5:45  Lair  
  46  5:52  Drone x6  
  52  6:05  Drone  
  53  6:19  Spore Crawler  
  53  6:23  Spore Crawler  
  51  6:35  Drone  
  51  6:36  Drone x13  
  51  6:37  Spore Crawler, Drone  
  51  6:38  Drone  
  43  7:07  Spore Crawler  
  42  7:23  Infestation Pit  
  42  7:28  Evolution Chamber  
  40  7:31  Evolution Chamber  
  39  7:38  Drone x6  
  39  7:43  Zergling x14  
  54  7:44  Roach x5  
  54  7:45  Roach  
  54  7:47  Overlord x2  
  54  7:48  Overlord  
  64  7:58  Drone  
  65  8:07  Drone x2  
  65  8:08  Drone x6  
Tags
 
Add a new tag
Caveats
  • Supply blocks, unpowered buildings, or Contaminate may cause inaccurate times.
  • Supply counts are checked every 10 seconds.